Description

Couldn't find this by searching for Ketroc, just wanted to publish and share it. All credits go to Ketroc.

VOD

https://www.youtube.com/watch?v=hgpMwtniDyA

Replay - Ketroc's Mass Banshee Build (TvP)

Build Order

Get SALT Encoding   

  12  0:00  SCV  
  13  0:12  SCV  
  14  0:18  Supply Depot  
  14  0:24  SCV  
  15  0:39  SCV  
  16  0:51  SCV  
  17  1:00  Command Center  
  17  1:04  SCV  
  18  1:12  Barracks  
  18  1:16  SCV  
  19  1:27  Refinery  
  19  1:28  SCV  
  20  1:35  Supply Depot  
  20  1:39  Refinery  
  20  1:40  SCV  
  21  1:52  SCV  
  22  2:02  Bunker, Marine  
  22  2:05  Orbital Command  
  23  2:13  Orbital Command  
  23  2:26  Factory  
  23  2:31  Refinery x2  
  24  2:42  Marine  
  28  3:03  Supply Depot  
  30  3:10  Starport  
  30  3:11  Widow Mine  
  34  3:26  Supply Depot  
  35  3:28  Starport  
  35  3:32  Factory Tech Lab  
  38  3:45  Starport  
  40  3:57  Factory Tech Lab  
  40  3:59  Banshee  
  40  4:00  Cloaking Field  
  44  4:05  Starport Tech Lab  
  45  4:12  Supply Depot  
  47  4:17  Hyperflight Rotors  
  47  4:23  Banshee  
  50  4:29  Banshee  
  56  4:46  Command Center x2  
  58  4:55  Banshee  
  63  5:09  Engineering Bay  
  63  5:13  Banshee x2  
  72  5:37  Banshee  
  75  5:44  Missile Turret x2  
  79  5:58  Missile Turret x3  
  79  6:00  Viking x2  
  84  6:17  Armory x2  
  85  6:21  Planetary Fortress  
  87  6:34  Planetary Fortress  
  88  6:41  Refinery x2  
  88  6:43  Missile Turret x2  
  91  6:59  Banshee x3  
  101  7:06  Starport x2  
  102  7:09  Command Center x2  
  106  7:29  Factory Tech Lab  
  108  7:33  Starport x2  
  115  7:53  Starport Tech Lab x2  
Spawning Tool Build Advisor. Get it on Overwolf

Analysis

Epic

Go to:

Details

  • Created by: asdfer4t
  • Published on: Jun 19, 2024
  • Modified on: Jun 19, 2024
  • Patch: 5.0.11
  • Difficulty: Medium
Show
View Real Time Build Order
Export as new Build Order

Comments (0)

There are no comments. Be the first!

Create an account to comment!